 Dungeon Sprint DCSS version 0.22.1-1-ga44c0e56f4 (webtiles) character file.

1563 MuseOD the Spear-Bearer (level 8, 0/106 (112) HPs)
             Began as a Merfolk Berserker on Oct 7, 2018.
             Was an Elder of Trog.
             Succumbed to a death drake's dark miasma
             ... in the Dungeon (Sprint II: "The Violet Keep of Menkaure").
             The game lasted 00:03:08 (1227 turns).

MuseOD the Spear-Bearer (Merfolk Berserker)         Turns: 1227, Time: 00:03:09

HP:   0/106 (112)   AC: 18    Str: 23    XL:     8   Next: 89%
MP:   8/8           EV: 18    Int:  9    God:    Trog [****..]
Gold: 48            SH:  0    Dex: 14    Spells: 7/7 levels left

rFire    . . .     SeeInvis .   a - +0 spear
rCold    . . .     Gourm    .   (no shield)
rNeg     . . .     Faith    .   m - +2 chain mail {MR+}
rPois    .         Spirit   .   l - +2 helmet
rElec    +         Reflect  .   (no cloak)
rCorr    .         Harm     .   k - +1 pair of gloves of the Dungeon {rElec Int+2}
MR       +....     NoTele   +   (boots currently unavailable)
Stlth    ..........             (no amulet)
HPRegen  0.00/turn              (no ring)
MPRegen  0.11/turn              (no ring)

@: berserking (expiring), lethally poisoned (0 -> -142), non-regenerating, badly
diseased, slowed, very quick
A: change form in water, swift swim, stealthy swim
a: Berserk, Trog's Hand, Brothers in Arms, Renounce Religion


You were in the Dungeon.
You worshipped Trog.
Trog was greatly pleased with you.
You were not hungry.

You visited 1 branch You collected 729 gold pieces.
You spent 681 gold pieces at shops.

Inventory:

Hand Weapons
 a - a +0 spear (weapon)
Armour
 b - a +0 animal skin
 k - the +1 pair of gloves of the Dungeon (worn) {rElec Int+2}
   (You bought it in a shop in the Dungeon)

   It affects your intelligence (+2).
   It insulates you from electricity.
 l - a +2 helmet (worn)
 m - a +2 chain mail of magic resistance (worn)
Scrolls
 i - a scroll of blinking
Potions
 d - a potion of curing
 e - a potion of heal wounds
 f - a potion of haste
 g - 2 potions of magic
 h - a potion of berserk rage
 j - a potion of brilliance {unknown}
Comestibles
 c - 2 rations


   Skills:
 + Level 11.0 Fighting
 + Level 13.8 Polearms
 + Level 7.6 Armour
 + Level 12.5 Dodging


You had 7 spell levels left.
You didn't know any spells.
Your spell library was empty.

Dungeon Overview and Level Annotations

Branches:
Dungeon (1/1)

Altars:
Cheibriados
Dithmenos
Elyvilon
Fedhas
Gozag
Hepliaklqana
Kikubaaqudgha
Makhleb
Qazlal
Ru
Sif Muna
Trog
Wu Jian
Xom
Beogh
Jiyva
Lugonu

Shops:
D ([:*[}[:!(?==}%!

Annotations:
D exclusion: oklob plant


Message History

* * * LOW HITPOINT WARNING * * *
The swamp drake is engulfed in dark miasma.
The swamp drake seems to slow down.
Your chain mail prevents you from hitting the death drake.
Your tail-slap misses the death drake.
The death drake is lightly wounded.
You are engulfed in dark miasma.
You are more poisoned.
You feel as though you will be slow longer.
* * * LOW HITPOINT WARNING * * *
x2 You feel very sick.
The death drake barely misses you.
You puncture the death drake!
The death drake is moderately wounded.
You are engulfed in dark miasma.
You are more poisoned.
You feel your flesh rotting away!
You feel ill.
You feel as though you will be slow longer.
* * * LOW HITPOINT WARNING * * *
You die...

#.. #. 8 ##.#### +.##.
|▓$!!(?$?? . ...# ...#
##▓?[()?)($ ###..## #.k#
c#▓?!(!?[!$ ##.##..# +.§#
y#▓[$[?!??? #...#..# #.§#
h#▓$(%?($?)
')#.'..####^§##.#▓[)?)[[$$
#...#....###§§k##▓▓▓▓▓▓▓+▓
##.##...§..≈≈§kk@§§§§§§§§.
####≈≈§.§..≈#+########+###
.#≈≈≈≈≈≈≈..≈#.._.....#t§§#
##≈≈§§≈≈≈≈.≈#._._....#t§§≈
#≈≈§§≈≈§≈≈≈≈#_._._...#§§§≈
≈≈≈≈≈≈§§≈≈≈§#._._._..#§§§≈
++#§≈≈≈§§§§§#_._._._.#§§§§
§ ##§§§###§≈#._._._._#§§§
≈§§


You could see 2 death drakes, a swamp drake and 2 crocodiles.

Vanquished Creatures
  A merfolk siren (D)
  A polar bear (D)
  A tyrant leech (D)
  A blink frog (D)
  Menkaure (D)
  4 neqoxecs (D)
  3 worms (D)
12 creatures vanquished.

Vanquished Creatures (others)
  A crocodile (D)
1 creature vanquished.

Grand Total: 13 creatures vanquished

Notes
Turn   | Place    | Note
-------+----------+-------------------------------------------
     0 | D        | MuseOD the Merfolk Berserker began the quest for the Orb.
     0 | D        | Reached XP level 1. HP: 18/18 MP: 1/1
     1 | D        | Noticed a merfolk siren
    10 | D        | Killed a merfolk siren
    10 | D        | Reached skill level 10 in Polearms
    10 | D        | Reached skill level 5 in Armour
    10 | D        | Reached XP level 2. HP: 11/32 MP: 2/2
    10 | D        | Reached XP level 3. HP: 13/37 MP: 3/3
    10 | D        | Reached XP level 4. HP: 16/44 MP: 4/4
    10 | D        | Reached XP level 5. HP: 17/49 MP: 5/5
    10 | D        | Reached XP level 6. HP: 20/56 MP: 6/6
   242 | D        | Noticed a tyrant leech
   242 | D        | Noticed a tyrant leech
   262 | D        | Killed a tyrant leech
   262 | D        | Reached ** piety under Trog
   262 | D        | Reached skill level 11 in Polearms
   262 | D        | Reached skill level 10 in Dodging
   262 | D        | Reached XP level 7. HP: 29/63 MP: 7/7
   568 | D        | Noticed a neqoxec
   581 | D        | Killed a neqoxec
   581 | D        | Reached *** piety under Trog
   709 | D        | Noticed a neqoxec
   709 | D        | Noticed a neqoxec
   709 | D        | Noticed a neqoxec
   722 | D        | Killed a neqoxec
   722 | D        | Reached skill level 12 in Polearms
   730 | D        | Killed a neqoxec
   730 | D        | Reached skill level 10 in Fighting
   730 | D        | Reached XP level 8. HP: 72/72 MP: 8/8
   763 | D        | Found Kaos's Distillery.
   764 | D        | Found Abuakea's Gadget Boutique.
   764 | D        | Found Ifakois's Food Boutique.
   765 | D        | Found Vaddonoc's Jewellery Shop.
   765 | D        | Found Cemnianiat's Jewellery Shop.
   766 | D        | Found Iceguol's Antique Weapon Boutique.
   766 | D        | Found Ogagen's Magic Scroll Boutique.
   767 | D        | Found Hopemp's Book Shop.
   767 | D        | Found Poletem's Distillery.
   768 | D        | Found Plog's Antique Armour Shop.
   768 | D        | Found Hala's Gadget Boutique.
   768 | D        | Noticed a wyvern
   877 | D        | Noticed a blink frog
   895 | D        | Killed a blink frog
   895 | D        | Reached **** piety under Trog
   895 | D        | Reached skill level 13 in Polearms
   997 | D        | Noticed Menkaure
   999 | D        | Noticed a flying skull
  1000 | D        | Noticed a flying skull
  1001 | D        | Noticed a flying skull
  1002 | D        | Noticed a flying skull
  1009 | D        | Noticed a flying skull
  1010 | D        | Noticed a flying skull
  1017 | D        | Killed Menkaure
  1022 | D        | Found Util's Antique Armour Shop.
  1022 | D        | Found Fosiebur's General Store.
  1022 | D        | Noticed a wyvern
  1022 | D        | Noticed an oklob plant
  1023 | D        | Found Heppop's Antique Armour Shop.
  1023 | D        | Found Qeazierph's Weapon Boutique.
  1023 | D        | Found Oceruibue's Book Shoppe.
  1023 | D        | Noticed a polar bear
  1025 | D        | Noticed a polar bear
  1028 | D        | Noticed a shining eye
  1029 | D        | Noticed a shining eye
  1032 | D        | Noticed a shining eye
  1033 | D        | Bought a pair of smoking gloves for 209 gold pieces
  1033 | D        | Bought a glowing helmet for 165 gold pieces
  1034 | D        | Bought a glowing chain mail for 187 gold pieces
  1039 | D        | Identified the +1 pair of gloves of the Dungeon {rElec
                  | Int+2} (You bought it in a shop in the Dungeon)
  1174 | D        | Bought a ration for 60 gold pieces
  1174 | D        | Bought a ration for 60 gold pieces
  1192 | D        | Found a stormy altar of Qazlal.
  1194 | D        | Found a hazy altar of Hepliaklqana.
  1194 | D        | Found a sacrificial altar of Ru.
  1194 | D        | Found an ornate altar of the Wu Jian Council.
  1195 | D        | Found a roughly hewn altar of Beogh.
  1195 | D        | Found a viscous altar of Jiyva.
  1195 | D        | Found a deep blue altar of Sif Muna.
  1195 | D        | Found a shimmering altar of Xom.
  1196 | D        | Found a snail-covered altar of Cheibriados.
  1196 | D        | Found an ancient bone altar of Kikubaaqudgha.
  1196 | D        | Found a bloodstained altar of Trog.
  1197 | D        | Found a shadowy altar of Dithmenos.
  1197 | D        | Found a corrupted altar of Lugonu.
  1198 | D        | Found a white marble altar of Elyvilon.
  1198 | D        | Found a burning altar of Makhleb.
  1199 | D        | Found a blossoming altar of Fedhas.
  1199 | D        | Noticed a crystal guardian
  1202 | D        | Noticed a death drake
  1204 | D        | Found an opulent altar of Gozag.
  1204 | D        | Noticed a yaktaur
  1204 | D        | Noticed a hornet
  1204 | D        | Noticed a polar bear
  1210 | D        | Noticed a death drake
  1222 | D        | Killed a polar bear
  1227 | D        | HP: 5/106 [death drake] (5)]
  1227 | D        | Succumbed to a death drake's dark miasma

Skill      XL: |  1  2  3  4  5  6  7  8 |
---------------+-------------------------+-----
Fighting       | 7 8 10 11 | 11.0
Polearms       | 10 11 12 13 | 13.8
Armour         | 5 6 7 |  7.6
Dodging        | 9 10 11 12 | 12.5

Action                   |  1- 3 |  4- 6 |  7- 9 || total
-------------------------+-------+-------+-------++-------
Melee: Spear             |     8 |    19 |    96 ||   123
       Tailslap          |       |       |     4 ||     4
Invok: Berserk           |     1 |     1 |     4 ||     6
       Brothers in Arms  |       |       |     1 ||     1
 Stab: Sleeping          |       |       |     1 ||     1
  Eat: Chunk             |       |       |     4 ||     4
       Ration            |       |       |     1 ||     1
Armor: Animal skin       |       |     1 |       ||     1
       Chain mail        |       |       |     7 ||     7
Dodge: Dodged            |     1 |     3 |    29 ||    33
